 Dungeon Crawl Stone Soup version 0.19-a0-1732-g0b18a7b (webtiles) character file.

709 Amnesiac the Geomancer (level 7, -14/36 HPs)
             Began as a Deep Elf Earth Elementalist on Sept 30, 2016.
             Was an Initiate of Sif Muna.
             Killed from afar by an electric eel (15 damage)
             ... with a bolt of electricity
             ... on level 7 of the Dungeon.
             The game lasted 00:03:19 (1847 turns).

Amnesiac the Geomancer (DEEE)                       Turns: 1847, Time: 00:03:19

Health: -14/36     AC:  4    Str:  5    XL:     7   Next: 40%
Magic:  14/19      EV: 13    Int: 22    God:    Sif Muna [......]
Gold:   103        SH:  0    Dex: 15    Spells: 5 memorised, 4 levels left

rFire  . . .     SeeInvis .     b - 101 stones
rCold  . . .     Gourm    .     c - +0 robe
rNeg   . . .     Faith    .     (no shield)
rPois  .         Spirit   .     (no helmet)
rElec  .         Dismiss  .     (no cloak)
rCorr  .         Reflect  .     r - +0 pair of gloves
MR     .....     Harm     .     i - +0 pair of boots {Stlth+}
Stlth  +++.......               p - amulet of magic regeneration
                                (no ring)
                                (no ring)

@: very slightly contaminated
A: no striking features
a: Renounce Religion


You were on level 7 of the Dungeon.
You worshipped Sif Muna.
Sif Muna was noncommittal.
You were not hungry.

You visited 2 branches of the dungeon, and saw 8 of its levels.

You collected 103 gold pieces.

Inventory:

Hand Weapons
 f - a +1 dagger of electrocution
Missiles
 b - 101 stones (in hand)
Armour
 c - a +0 robe (worn)
 i - a +0 pair of boots of stealth (worn)
 r - a +0 pair of gloves (worn)
Jewellery
 p - an amulet of magic regeneration (around neck)
Scrolls
 g - a scroll of remove curse {unknown}
 j - a scroll of fog {unknown}
 k - 3 scrolls of enchant weapon {unknown}
 m - 2 scrolls of identify {unknown}
 q - a scroll of teleportation {unknown}
Potions
 n - a potion of agility {unknown}
 o - a potion of haste {unknown}
Books
 e - a book of Geomancy

   Spells                             Type                      Level
   a - Sandblast                      Earth                        1
   b - Passwall                       Transmutation/Earth          2
   c - Stone Arrow                    Conjuration/Earth            3
   d - Petrify                        Transmutation/Earth          4
   e - Lee's Rapid Deconstruction     Earth                        5
Comestibles
 a - 2 meat rations
 d - 2 bread rations
 h - 3 beef jerkies
 l - a chunk of flesh
 s - a royal jelly


   Skills:
 - Level 2.4 Dodging
 - Level 2.4 Stealth
 + Level 6.9 Spellcasting
 - Level 1.1 Transmutations
 * Level 8.0 Earth Magic


You had 4 spell levels left.
You knew the following spells:

 Your Spells              Type           Power        Failure   Level  Hunger
b - Stone Arrow           Conj/Erth      ####..       6%          3    None
e - Petrify               Tmut/Erth      ####....     14%         4    ###....
f - Lee's Rapid Deconstr  Erth           #####.....   12%         5    #####..
v - Passwall              Tmut/Erth      ####......   1%          2    None
z - Sandblast             Erth           #####.       1%          1    None


Dungeon Overview and Level Annotations

Branches:
Dungeon (7/15)             Temple (1/1) D:4

Altars:
Ashenzari
Elyvilon
Makhleb
Qazlal
Sif Muna


Message History

Press: ? - help, Dir - move target cursor You can't see that place. [a rock wall.]
Okay, then.
The electric eel shoots out a bolt of lightning at you!
The bolt of electricity hits the plant.
The bolt of electricity hits you!
There is an open door here.
Casting: Lee's Rapid Deconstruction
Confirm with . or Enter, or press ? or * to list all spells.
Aiming: Lee's Rapid Deconstruction
Press: ? - help, Dir - move target cursor You miscast Lee's Rapid Deconstruction.
You are very lightly contaminated with residual magic.
You are blasted with sand!
The electric eel shoots out a bolt of lightning at you!
The bolt of electricity hits the plant.
The bolt of electricity hits you!
* * * LOW HITPOINT WARNING * * *
The electric eel shoots out a bolt of lightning at you!
The bolt of electricity hits the plant.
The bolt of electricity hits you!
You die...

#.#≈≈.PP...#≈##.##.......
#.#≈.(.....#≈##.##.......
#≈#;;).≈..'#.##.##.......
##≈##≈≈:P..#..##.##.#'####
##≈##########.###>##.#.#
#≈##;.%...##≈≈#......#.#
#≈#≈≈!P≈...#≈##......#.#
#.#≈;.P....#.#..#.##.#.#
#.#;≈$≈P..@#.#..#<.#.#(#
##'##≈(≈...#..##.##.#.#.#
#...########.##.....#.#.#
.#####.##################.#
...................#.......#
#.################.###.#####
#.# #.# #.# #.# ###'###.###


You could see 3 electric eels.

Vanquished Creatures
  An ice beast (D:7)
  A phantom (D:7)
  2 bullfrogs
  A crimson imp (D:7)
  A centaur zombie (D:4)
  2 hounds (D:4)
  A centaur skeleton (D:6)
  An orc wizard (D:4)
  2 orc priests (D:4)
  2 worker ants (D:4)
  A hound skeleton (D:4)
  6 gnolls
  An adder (D:7)
  An adder skeleton (D:4)
  A leopard gecko (D:4)
  10 orcs
  A goblin (D:3)
  3 quokkas
38 creatures vanquished.

Notes
Turn   | Place    | Note
-------+----------+-------------------------------------------
     0 | D:1      | Amnesiac the Deep Elf Earth Elementalist began the quest for the Orb.
     0 | D:1      | Reached XP level 1. HP: 10/10 MP: 6/6
   150 | D:3      | Reached XP level 2. HP: 11/15 MP: 1/8
   223 | D:3      | Reached skill level 4 in Earth Magic
   232 | D:3      | Reached XP level 3. HP: 19/19 MP: 2/10
   236 | D:3      | Learned a level 2 spell: Passwall
   406 | D:4      | Found a burning altar of Makhleb.
   410 | D:4      | Reached XP level 4. HP: 17/24 MP: 8/12
   469 | D:4      | Reached skill level 5 in Earth Magic
   531 | D:4      | Reached XP level 5. HP: 28/28 MP: 10/14
   585 | D:4      | Found a white marble altar of Elyvilon.
   589 | D:4      | Found a burning altar of Makhleb.
   636 | D:4      | Reached skill level 5 in Spellcasting
   668 | D:4      | Reached skill level 6 in Earth Magic
   908 | D:4      | Reached XP level 6. HP: 29/32 MP: 12/16
   914 | D:4      | Learned a level 4 spell: Petrify
   920 | D:4      | Learned a level 5 spell: Lee's Rapid Deconstruction
  1216 | D:4      | Found a staircase to the Ecumenical Temple.
  1266 | Temple   | Entered the Ecumenical Temple
  1316 | Temple   | Became a worshipper of Sif Muna the Loreminder
  1383 | D:5      | Entered Level 5 of the Dungeon
  1430 | D:5      | Learned a level 3 spell: Stone Arrow
  1472 | D:6      | Reached skill level 7 in Earth Magic
  1592 | D:7      | Reached XP level 7. HP: 36/36 MP: 15/18
  1729 | D:7      | Reached skill level 8 in Earth Magic
  1847 | D:7      | HP: 1/36 [electric eel/bolt of electricity (11)]
  1847 | D:7      | Killed from afar by an electric eel

Vault maps used:
D:1:      dpeg_arrival_snail
D:2:      minmay_rats_cheesy_pizza
D:3:      kennysheep_okawaru_gauntlet, first_bread
D:4:      amethyst_overflow_temple_binary, makhleb_heckhound_becter
D:5:      old_standard_altar, lemuel_crystal_altar,
          nicolae_tso_swordbearing_angel, kennysheep_mini, wad_floor_pattern_1,
          lemuel_flamethrower_2, uniq_crazy_yiuf_cottage
D:6:      marbit_many_paths, nicolae_qazlal_style_of_elements
D:7:      cheibrodos_two_vegetables, nicolae_gozag_seed_capital
Temple:   minmay_temple_forest_path

Skill      XL: |  1  2  3  4  5  6  7 |
---------------+----------------------+-----
Earth Magic    | 4 5 6 7 8 |  8.0
Spellcasting   | 4 5 6 |  6.9
Dodging        | |  2.4
Stealth        | |  2.4
Transmutations | |  1.1

Action                   |  1- 3 |  4- 6 |  7- 9 || total
-------------------------+-------+-------+-------++-------
 Cast: Sandblast         |    20 |    45 |     8 ||    73
  Eat: Chunk             |       |     2 |     1 ||     3
Armor: Robe              |       |     1 |     1 ||     2
Dodge: Dodged            |     3 |     3 |     1 ||     7
